 Dungeon Crawl Stone Soup version 0.32-a0-338-g4f8ebfe289 (webtiles) character file.

Game seed: 9807946473634476343

743 Gargoyl the Chopper (level 7, -3/44 HPs)
             Began as a Gargoyle Berserker on Feb 17, 2024.
             Was a Believer of Trog.
             Slain by a gnoll
             ... wielding a +0 spear
              (5 damage)
             ... on level 5 of the Dungeon.
             The game lasted 00:05:03 (2300 turns).

Gargoyl the Chopper (Gargoyle Berserker)            Turns: 2300, Time: 00:05:04

Health: -3/44      AC: 12    Str: 20    XL:     7   Next: 76%
Magic:  7/7        EV: 11    Int:  8    God:    Trog [**....]
Gold:   201        SH:  0    Dex: 11    Spells: 6/6 levels left

rFire   . . .        a - +0 hand axe (drain)
rCold   + . .        (no shield)
rNeg    + . .        g - +0 ring mail
rPois   ∞            (no helmet)
rElec   +            c - +1 cloak
rCorr   .            (no gloves)
SInv    .            (no boots)
Will    ++...        (no amulet)
Stlth   +            f - ring of protection from cold
HPRegen 1.27/turn    (no ring)
MPRegen 0.10/turn

%: no passive effects
@: about to teleport, strong-willed, on berserk cooldown, regenerating, hasted
and slowed
A: sickness immunity, AC +4, negative energy resistance 1, electricity
resistance, torment resistance 1, petrification resistance
a: Renounce Religion, Berserk, Trog's Hand


You were on level 5 of the Dungeon.
You worshipped Trog.
Trog was pleased with you.
You visited 1 branch of the dungeon, and saw 5 of its levels.

You collected 243 gold pieces.
You spent 42 gold pieces at shops.

Inventory:

Hand Weapons
 a - a +0 hand axe of draining (weapon)
Missiles
 d - 6 poisoned darts (quivered)
Armour
 c - a +1 cloak (worn)
 g - a +0 ring mail (worn)
Jewellery
 f - a ring of protection from cold (left hand)
Scrolls
 b - a scroll of identify
 i - a scroll of teleportation
Potions
 j - a potion of berserk rage
 k - a potion of invisibility


   Skills:
 + Level 5.1 Fighting
 + Level 6.1 Axes
 + Level 3.3 Armour
 + Level 3.3 Dodging
 + Level 0.9 Stealth


You had 6 spell levels left.
You didn't know any spells.
Your spell library was empty.

Dungeon Overview and Level Annotations

Branches:
Dungeon (5/15)
 Temple: D:4-7

Altars:
Elyvilon
Gozag

Shops:
D:2 ?

Annotations:
D:5 Blork the orc, Dowan, Duvessa


Innate Abilities, Weirdness & Mutations

You are immune to sickness and miasma.
Your stone body is resilient. (AC +4)
You are immune to poison.
You resist negative energy. (rN+)
You are resistant to electric shocks. (rElec)
You are resistant to unholy torment.
You are immune to petrification.


Message History

The gnoll hits you but does no damage. x2; The orc hits you but does no damage.
The gnoll hits you from afar with a +0 halberd.
The gnoll barely misses you. The orc hits you but does no damage.
Unknown command.
You slash the orc!
You kill the orc!
Trog accepts your kill.
Duvessa, Sister of Dowan comes into view.
She is wielding a +0 short sword and wearing a +2 leather armour of poison resistance.
The gnoll closely misses you.
The gnoll hits you from afar with a +0 spear.
You feel yourself speed up. The orc barely misses you.
The gnoll hits you from afar with a +0 halberd!
* * * LOW HITPOINT WARNING * * *
The gnoll misses you.
The gnoll hits you but does no damage. x3
The gnoll hits you with a +0 flail!
* * * LOW HITPOINT WARNING * * *
Unknown command.
Unknown command.
Dowan, Brother of Duvessa comes into view.
He is wielding a +0 dagger.
Found a scroll of identify.
Dowan shouts!
The gnoll hits you with a +0 flail.
* * * LOW HITPOINT WARNING * * *
The gnoll closely misses you.
An iguana comes into view.
Items here: (( )))) [[ †.
As you read the scroll of teleportation, it crumbles to dust.
You feel strangely unstable.
Blork the orc comes into view.
He is wielding a +0 mace.
The gnoll closely misses you. x2; Duvessa hits you with a +0 short sword.
* * * LOW HITPOINT WARNING * * *
Unknown command.
Blork the orc shouts!
The orc hits you but does no damage. Dowan casts a spell at you.
The puff of frost hits you. You resist.
* * * LOW HITPOINT WARNING * * *
The gnoll barely misses you. The gnoll attacks as it pursues you!
The gnoll hits you from afar with a +0 spear.
You die...

###########
.......<..#######
#####.:.........#
# #=....#####..
#..###.).......
#...)gg#)#.###.!
....#Y#e#o..#.#.
## #gg.@.......
#....##.e...##.
##... ....o....
#.. .#.###.#..
#l...... ....
.... #.. #. ?#.#.
.... ..# .#..


You could see Duvessa, Blork the orc, an ice beast, Dowan, 4 gnolls and an orc.

Vanquished Creatures
  The ghost of paps the Trooper, an amateur TrDe (D:4)
  A black bear (D:5)
  A phantom (D:4)
  2 kobold brigands
  A bombardier beetle (D:5)
  2 orc priests
  An iguana (D:4)
  4 adders
  3 dart slugs
  12 orcs
  6 endoplasms
  3 giant cockroaches
  8 goblins
  4 hobgoblins
  3 jackals (D:3)
  2 quokkas
  3 ball pythons
  2 bats
  2 frilled lizards
  12 kobolds
  4 rats
77 creatures vanquished.

Notes
Turn   | Place    | Note
-------+----------+-------------------------------------------
     0 | D:1      | Gargoyl the Gargoyle Berserker began the quest for the Orb.
     0 | D:1      | Reached XP level 1. HP: 14/14 MP: 1/1
   168 | D:1      | Reached XP level 2. HP: 12/19 MP: 2/2
   262 | D:1      | Reached skill level 3 in Axes
   422 | D:1      | Found a faded altar of an unknown god.
   582 | D:2      | Reached XP level 3. HP: 24/24 MP: 3/3
   713 | D:2      | Found The Oracle's Delphic Readings.
   721 | D:2      | Bought a scroll of teleportation for 42 gold pieces
   811 | D:2      | Reached XP level 4. HP: 15/29 MP: 4/4
   813 | D:2      | Reached ** piety under Trog
  1218 | D:3      | Reached skill level 4 in Axes
  1218 | D:3      | Reached XP level 5. HP: 31/33 MP: 5/5
  1675 | D:4      | Noticed a kobold brigand
  1682 | D:4      | Killed a kobold brigand
  1731 | D:4      | Reached XP level 6. HP: 39/39 MP: 6/6
  1824 | D:4      | Found a white marble altar of Elyvilon.
  1913 | D:4      | Reached skill level 5 in Axes
  1916 | D:4      | Found a runed translucent gate.
  1917 | D:4      | Found a runed translucent gate.
  1919 | D:4      | Found an opulent altar of Gozag.
  1919 | D:4      | Found a runed translucent gate.
  1935 | D:4      | Noticed paps's ghost (amateur TrDe)
  2153 | D:4      | Killed paps's ghost
  2154 | D:4      | Reached XP level 7. HP: 16/44 MP: 7/7
  2251 | D:5      | Entered Level 5 of the Dungeon
  2286 | D:5      | Reached skill level 5 in Fighting
  2289 | D:5      | Reached skill level 6 in Axes
  2296 | D:5      | Noticed Duvessa
  2298 | D:5      | Noticed Dowan
  2299 | D:5      | Noticed Blork the orc
  2300 | D:5      | HP: 2/44 [Dowan/puff of frost (4)]
  2300 | D:5      | Slain by a gnoll

Illustrated notes

Levels and vault maps discovered:
D:1:      elethiomel_arrival_shortcut, layout_rooms,
          hellmonk_ecumenical_altar_heavens_door, minivault_11
D:2:      layout_rooms, nicolae_kite_square_tiling_tiny,
          nicolae_nh_oracle_at_delphi
D:3:      layout_basic
D:4:      layout_cave_pools, elyvilon_altar_3, ebering_ghost_gozag
D:5:      nicolae_cairo_tiling_large_dashed, layout_rooms, jmf_multi_god_temple,
          minmay_fractal_squares_gapless_5, uniq_duvessa, uniq_blork_the_orc

Skill      XL: |  1  2  3  4  5  6  7 |
---------------+----------------------+-----
Axes           | 3 4 5 6 |  6.1
Fighting       | 4 5 |  5.1
Dodging        | 2 3 |  3.3
Armour         | 3 |  3.3
Stealth        | |  0.9

Action                     |  1- 3 |  4- 6 |  7- 9 || total
---------------------------+-------+-------+-------++-------
  Melee: Hand axe          |    61 |   118 |    32 ||   211
 Invoke: Berserk           |       |     2 |     1 ||     3
         Trog's Hand       |       |     2 |     2 ||     4
    Use: Scroll            |     5 |     3 |     3 ||    11
         Potion            |       |       |     1 ||     1
   Stab: Sleeping          |       |     1 |       ||     1
 Armour: Animal skin       |    46 |    29 |       ||    75
         Ring mail         |       |    45 |    43 ||    88
  Dodge: Dodged            |    47 |    85 |    33 ||   165

Table legend: (Time is in decaauts)
 A = Elapsed time spent in this place.
 B = Non-inter-level travel time spent in this place.
 C = Inter-level travel time spent in this place.
 D = Time resting spent in this place.
 E = Time spent auto-exploring this place.
 F = Levels seen in this place.
 G = Mean time per level.
                   A        B        C        D        E       F      G
               +--------+--------+--------+--------+--------+-----+--------+
         Total |   2341 |   2244 |     97 |      0 |   1550 |   5 |  468.2 |
       Dungeon |   2341 |   2244 |     97 |      0 |   1550 |   5 |  468.2 |
               +--------+--------+--------+--------+--------+-----+--------+

Top non-repeatable levels by time:
     D:4: 717 daAuts
     D:1: 547 daAuts
     D:3: 514 daAuts
     D:2: 512 daAuts
     D:5: 49 daAuts
